 Dungeon Crawl Stone Soup version 0.29.1 (webtiles) character file.

Game seed: 16186080434970335319

24 KamiKatze the Conjurer (level 3, -2/21 HPs)
             Began as an Octopode Conjurer on Sept 13, 2022.
             Engulfed by a cloud of flame (23 damage)
             ... on level 1 of the Dungeon.
             The game lasted 00:03:31 (853 turns).

KamiKatze the Conjurer (Octopode Conjurer)           Turns: 853, Time: 00:03:31

Health: -2/21      AC:  1    Str:  6    XL:     3   Next: 2%
Magic:  6/6        EV: 13    Int: 22    God:
Gold:   32         SH:  0    Dex: 10    Spells: 5/6 levels left

rFire   . . .      SeeInvis .   c - +0 dagger
rCold   . . .      Faith    .   (no shield)
rNeg    . . .      Spirit   .   (helmet restricted)
rPois   .          Reflect  .   (no amulet)
rElec   .          Harm     .   (no ring)
rCorr   .          Rampage  .   (no ring)
Will    .....                   (no ring)
Stlth   +++.......              (no ring)
HPRegen 0.07/turn               (no ring)
MPRegen 0.10/turn               (no ring)
                                (no ring)
                                (no ring)

@: no status effects
A: almost no armour, amphibious, 8 rings, camouflage 1, gelatinous body 1,
(nimble swimmer 1), tentacles
a: no special abilities


You were on level 1 of the Dungeon.
You visited 1 branch of the dungeon, and saw 1 of its levels.

You collected 32 gold pieces.

Inventory:

Hand Weapons
 c - a +0 dagger (weapon)
Scrolls
 b - 2 scrolls of teleportation {unknown}
Potions
 a - a potion of magic


   Skills:
 + Level 2.1 Dodging
 + Level 2.9 Stealth
 * Level 2.3 Spellcasting
 * Level 4.1 Conjurations
 * Level 1.0 Hexes
 * Level 0.8 Translocations


You had 5 spell levels left.
You knew the following spells:

 Your Spells              Type           Power      Damage    Failure   Level
a - Magic Dart            Conj           80%        1d7       2%          1

Your spell library contained the following spells:

 Spells                   Type           Power      Damage    Failure   Level
 Searing Ray              Conj           40%        2d5       3%          2
 Foxfire                  Conj/Fire      44%        2x1d6     6%          1
 Dazzling Flash           Conj/Hex       26%        N/A       14%         3
 Conjure Flame            Conj/Fire      11%        6-21      17%         3
 Inner Flame              Hex/Fire       4%         N/A       32%         3
 Fulminant Prism          Conj/Hex       6%         3d7       41%         4
 Iskenderun's Mystic Bla  Conj/Tloc      13%        2d5       43%         4
 Flame Wave               Conj/Fire      11%        2d6       50%         4


Dungeon Overview and Level Annotations

Branches:
Dungeon (1/15)

Altars:

Annotations:
D:1 2 exclusions


Innate Abilities, Weirdness & Mutations

You cannot wear most types of armour.
You are amphibious.
You can wear up to eight rings at the same time.
Your skin changes colour to match your surroundings (Stealth+).
Your rubbery body absorbs attacks. (AC +1, EV +1)
((You are camouflaged when in or above water. (Stealth+)))
You have tentacles for arms and can constrict up to eight enemies at once.


Message History

Press: ? - help, Shift-Dir - straight line, f/p - rat
Aim: a rat (heavily wounded, 100% to hit)
The magic dart hits the rat but does no damage.
The rat is heavily wounded.
Casting: Magic Dart (safe; 2% risk of failure)
Confirm with . or Enter, or press ? or * to list all spells.
Aiming: Magic Dart (safe; 2% risk of failure)
Press: ? - help, Shift-Dir - straight line, f/p - rat
Aim: a rat (heavily wounded, 100% to hit)
The magic dart hits the rat.
You kill the rat!
You have reached level 3!
Your experience leads to an increase in your attributes!
Increase (S)trength, (I)ntelligence, or (D)exterity?
You feel clever. x2
Found 5 javelins.
Found a scroll labelled EQICIA NABIJ and 2 emerald potions.
Magic restored.
Found 9 gold pieces and 5 poisoned darts.
You now have 32 gold pieces (gained 6).
Found a stone staircase leading down.
Found a stone staircase leading down.
There is a stone staircase leading down here.
A rat comes into view.
A rat is nearby!
Casting: Magic Dart (safe; 2% risk of failure)
Confirm with . or Enter, or press ? or * to list all spells.
Aiming: Magic Dart (safe; 2% risk of failure)
Press: ? - help, Shift-Dir - straight line, f - rat
Aim: a rat (asleep, 100% to hit)
The magic dart hits the rat.
You kill the rat!
There is a stone staircase leading down here.
A giant cockroach comes into view.
The giant cockroach is engulfed in blazing flames.
The giant cockroach dies!
b - 2 scrolls labelled LIVIFE JUZE (gained 1)
You are engulfed in blazing flames.
Ouch! That really hurt!
You die...

#.........#
#.######...# #.#
#.☼○# ###.## #§☼§#
.....# #§☼.#
###.######...######
# #.#.(.....$.§☼○.##
#...§§§..?(.§§§..#
###.§.§..!(.§☼@..#
#####...#####.#
#§§§# #.# #####
#☼○☼# #.# #...#
#☼○○# #.#
##...#####...#####.#
............#......#
........##....####.#
........#####.# #.#


There were no monsters in sight!

Vanquished Creatures
  2 ball pythons (D:1)
  2 bats (D:1)
  2 endoplasms (D:1)
  A giant cockroach (D:1)
  A goblin (D:1)
  6 hobgoblins (D:1)
  A quokka (D:1)
  A frilled lizard (D:1)
  6 rats (D:1)
22 creatures vanquished.

Vanquished Creatures (others)
  A giant cockroach (D:1)
1 creature vanquished.

Grand Total: 23 creatures vanquished

Notes
Turn   | Place    | Note
-------+----------+-------------------------------------------
     0 | D:1      | KamiKatze the Octopode Conjurer began the quest for the
                  | Orb.
     0 | D:1      | Reached XP level 1. HP: 11/11 MP: 3/3
   161 | D:1      | Reached XP level 2. HP: 10/17 MP: 1/5
   636 | D:1      | Reached skill level 1 in Hexes
   648 | D:1      | Reached XP level 3. HP: 21/21 MP: 2/6
   853 | D:1      | Engulfed by a cloud of flame

Illustrated notes

Levels and vault maps discovered:
D:1:      dpeg_arrival_shelter, layout_loops_ring,
          shapermc_ecumenical_altar_pompeii, lemuel_flame_loot_1

Skill      XL: |  1  2 |
---------------+-------+-----
Hexes          | 1 |  1.0
Dodging        | |  2.1
Stealth        | |  2.9
Spellcasting   | |  2.3
Conjurations   | |  4.1
Translocations | |  0.8

Action                   || total
-------------------------++-------
Melee: Unarmed           ||    11
       Constrict         ||     2
       Dagger            ||     1
 Cast: Magic Dart        ||    41
 Stab: Sleeping          ||     1
Dodge: Dodged            ||     7
